 Dungeon Crawl Stone Soup version 0.32-a0-913-g739538afd8 (webtiles) character file.

Game seed: 719545092035439470

16636 Autsider the Destroyer (level 12, -1/91 (102) HPs)
             Began as a Grey Draconian Conjurer on Apr 8, 2024.
             Was an Elder of Vehumet.
             Slain by a spectral orc warrior
             ... wielding a +0 trident
             ... summoned by Nergalle
              (5 damage)
             ... on level 1 of the Lair of Beasts on Apr 9, 2024.
             The game lasted 00:58:39 (16658 turns).

Autsider the Destroyer (Grey Draconian Conjurer)   Turns: 16658, Time: 00:58:40

HP:   -1/91 (102)   AC: 17    Str: 10    XL:     12   Next: 11%
MP:   2/23          EV: 13    Int: 22    God:    Vehumet [****..]
Gold: 728           SH:  0    Dex: 11    Spells: 0/25 levels left

rFire   . . .        H - staff of conjuration
rCold   + . .        (no shield)
rNeg    . . .        (body armour unavailable)
rPois   .            b - +1 hat
rElec   .            q - +2 cloak
rCorr   .            (no gloves)
SInv    .            (no boots)
Will    .....        (no amulet)
Stlth   +++          l - ring of wizardry
HPRegen 0.35/turn    s - ring of protection from cold
MPRegen 0.18/turn

%: wizardry (x1)
@: heavily drained
A: mud breath, mud-swimmer, AC +13, amphibious, unfitting armour, cold-blooded
a: Mud Breath, Renounce Religion


You were on level 1 of the Lair of Beasts.
You worshipped Vehumet.
Vehumet was greatly pleased with you.
You visited 3 branches of the dungeon, and saw 14 of its levels.
You also visited: Bailey.

You collected 910 gold pieces.
You spent 182 gold pieces at shops.

Inventory:

Hand Weapons
 p - a +0 dagger of venom
 B - a +4 trident of chaos
Missiles
 u - a throwing net
Armour
 b - a +1 hat (worn)
 q - a +2 cloak (worn)
 C - an orb of mayhem
Magical Staves
 y - a staff of fire
 H - a staff of conjuration (weapon)
Jewellery
 g - a ring of ice
 l - a ring of wizardry (left hand)
 s - a ring of protection from cold (right hand)
 F - a ring of wizardry
 G - a +5 ring of evasion
Talismans
 A - a granite talisman
 D - a dragon-blood talisman
Wands
 o - a wand of warping (9)
 v - a wand of light (10)
 x - a wand of polymorph (11)
 J - a wand of mindburst (6)
Scrolls
 c - 2 scrolls of noise
 d - 3 scrolls of teleportation {@r2}
 i - a scroll of poison
 m - 2 scrolls of fog
 t - a scroll of enchant weapon
 w - 6 scrolls of vulnerability
 L - a scroll of blinking {unknown}
Potions
 a - 2 potions of magic
 e - 2 potions of curing
 f - 2 potions of lignification
 h - a potion of haste {unknown}
 j - 4 potions of heal wounds {@q2}
 k - 2 potions of mutation
 n - a potion of degeneration {unknown}
 r - 3 potions of enlightenment {unknown}
 z - 2 potions of attraction {unknown}
 E - 2 potions of might {unknown}
 I - 7 potions of ambrosia
 K - a potion of invisibility {unknown}


   Skills:
 - Level 8.2 Fighting
 - Level 6.0 Dodging
 - Level 6.0 Stealth
 + Level 7.4 Spellcasting
 + Level 9.7 Conjurations
 - Level 6.0 Translocations
 - Level 4.5 Fire Magic
 + Level 3.3 Ice Magic
 + Level 6.0 Earth Magic
 - Level 6.0 Alchemy


You couldn't memorise any spells.
You knew the following spells:

 Your Spells              Type           Power      Damage    Failure   Level
a - Magic Dart            Conj           100%       1d8       1%          1
b - Searing Ray           Conj           100%       2d8       1%          2
c - Fulminant Prism       Conj/Alch      29%        3d13      1%          4
d - Iskenderun's Mystic   Conj/Tloc      59%        2d12      (+2d61%     4
e - Sandblast             Erth           68%        2d15      1%          1
f - Ozocubu's Refrigerat  Ice            11%        4d10      75%         7
w - Permafrost Eruption   Ice/Erth       14%        2x4d4     16%         6

Your spell library contained the following spells:

 Spells                   Type           Power      Damage    Failure   Level
 Hailstorm                Conj/Ice       53%        3d10      1%          3
 Ignite Poison            Fire/Alch      31%        N/A       1%          4
 Sticky Flame             Fire/Alch      31%        2d7       1%          4
 Ensorcelled Hibernation  Hex/Ice        30%        N/A       2%          2
 Summon Small Mammal      Summ           32%        N/A       3%          1
 Summon Ice Beast         Ice/Summ       15%        N/A       4%          3
 Call Canine Familiar     Summ           8%         N/A       10%         3
 Summon Blazeheart Golem  Fire/Summ      18%        N/A       12%         4
 Sculpt Simulacrum        Ice/Alch       14%        N/A       54%         6
 Ignition                 Fire           14%        3d6       99%         8


Dungeon Overview and Level Annotations

Branches:
Dungeon (12/15)            Temple (1/1) D:4            Lair (1/5) D:11
    Orc (0/2) D:10         Bailey (visited)

Altars:
Ashenzari
Cheibriados
Dithmenos
Elyvilon
Fedhas
Gozag
Hepliaklqana
Kikubaaqudgha
Makhleb
Nemelex Xobeh
Okawaru
Qazlal
Ru
Sif Muna
Trog
Uskayaw
Vehumet
Wu Jian
Xom
Yredelemnul
Zin
The Shining One
Beogh
Jiyva

Shops:
D:9 [(

Annotations:
D:1 exclusion: downstairs
D:2 Sigmund
D:4 exclusion: orc warrior
D:10 3 runed translucent doors, exclusion: 2 downstairs, Autsider's ghost, journeyman FeSu
Lair:1 Nergalle


Innate Abilities, Weirdness & Mutations

You can breathe torrents of mud.
You are unimpeded by mud.
Your dull iron-grey scales are very hard. (AC +13)
You are amphibious.
You cannot fit into any form of body armour.
You are cold-blooded and may be slowed by cold attacks.


Message History

You hit Nergalle but do no damage.
Nergalle is severely wounded.
The spectral orc warrior closely misses you.
The spectral orc warrior barely misses you.
The spectral orc warrior closely misses you.
Nergalle barely misses you.
The spectral orc warrior barely misses you.
Nergalle hits you but does no damage.
You closely miss Nergalle.
Nergalle is severely wounded.
The spectral orc warrior hits you but does no damage.
The spectral orc warrior closely misses you.
The spectral orc warrior hits you from afar with a +0 trident.
* * * LOW HITPOINT WARNING * * *
Nergalle hits you but does no damage.
The spectral orc warrior hits you from afar with a +0 trident!
* * * LOW HITPOINT WARNING * * *
The spectral orc warrior hits you with a +0 trident!
* * * LOW HITPOINT WARNING * * *
Nergalle hits you with a +1 dagger of speed!
* * * LOW HITPOINT WARNING * * *
You hit Nergalle but do no damage.
Your tail-slap misses Nergalle.
Nergalle is severely wounded.
The spectral orc warrior closely misses you. x2
The spectral orc warrior barely misses you.
Nergalle gestures at you while chanting.
The bolt of negative energy misses you.
The spectral orc warrior barely misses you.
The spectral orc warrior misses you.
You hit Nergalle but do no damage.
Your tail-slap misses Nergalle.
Nergalle is severely wounded.
The spectral orc warrior hits you but does no damage.
The spectral orc warrior closely misses you.
The spectral orc warrior hits you from afar with a +0 trident.
* * * LOW HITPOINT WARNING * * *
Nergalle gestures at you while chanting.
The bolt of negative energy hits you!
You feel drained.
* * * LOW HITPOINT WARNING * * *
The spectral orc warrior hits you from afar with a +0 trident.
You die...

#. ##.#
###....#######
##.##.'##.##....#
#................
##................
#.............
##............
#..Z.........
#..#..#.##...
#..##@Z## ##.
#.##.o†...# #.
#Z........ ..
......>...
##..#.........
#.##......... #.
.#..P.##.. #.
##.$### #.


You could see Nergalle and 3 spectral orc warriors.

Vanquished Creatures
  3 two-headed ogres
  5 centaur zombies (D:11)
  An unseen horror (D:11)
  Jeremiah (D:7)
  A kobold demonologist (D:10)
  Psyche (D:8)
  4 trolls
  A queen bee (D:10)
  A meliai zombie (D:11)
  4 shadows
  A wraith (D:11)
  A vampire (D:11)
  16 yaks
  3 wyverns
  A steam dragon (D:10)
  2 vampire mosquitoes (D:11)
  4 water moccasins
  3 sky beasts (D:8)
  14 orc warriors
  3 ogres
  3 ice beasts
  6 centaurs
  3 wolves (Lair:1)
  3 kobold brigands
  4 bullfrogs
  5 scorpions
  5 gnoll sergeants
  5 wights (D:8)
  17 killer bees (D:10)
  An electric eel (Lair:1)
  A howler monkey (D:7)
  A jelly (D:7)
  4 bombardier beetles
  10 orc priests
  6 hounds
  2 gnoll boudas (D:9)
  3 iguanas
  9 orc wizards
  Ijyb (D:4)
  A boggart zombie (D:11)
  9 adders
  29 gnolls
  A ribbon worm (D:2)
  65 orcs
  A bat (D:1)
  6 endoplasms
  2 giant cockroaches
  11 goblins
  3 hobgoblins
  9 jackals
  2 quokkas
  10 ball pythons
  4 frilled lizards
  20 kobolds
  13 rats
345 creatures vanquished.

Vanquished Creatures (others)
  98 fulminant prisms
98 creatures vanquished.

Grand Total: 443 creatures vanquished

Notes
Turn   | Place    | Note
-------+----------+-------------------------------------------
     0 | D:1      | Autsider the Draconian Conjurer began the quest for the
                  | Orb.
     0 | D:1      | Reached XP level 1. HP: 14/14 MP: 3/3
   311 | D:1      | Reached XP level 2. HP: 22/22 MP: 0/5
   717 | D:1      | Reached skill level 1 in Fighting
  1221 | D:1      | Reached XP level 3. HP: 28/28 MP: 4/6
  1666 | D:2      | Noticed Sigmund
  1673 | D:1      | Learned a level 2 spell: Searing Ray
  2296 | D:3      | Found a faded altar of an unknown god.
  2466 | D:3      | Found an iron altar of Okawaru.
  2574 | D:2      | Reached XP level 4. HP: 26/36 MP: 0/7
  2655 | D:2      | Reached skill level 1 in Alchemy
  2958 | D:3      | Noticed a scorpion
  2968 | D:3      | Killed a scorpion
  2969 | D:3      | Reached XP level 5. HP: 42/42 MP: 1/9
  3179 | D:3      | Learned a level 4 spell: Fulminant Prism
  3490 | D:4      | Reached skill level 5 in Conjurations
  3683 | D:4      | Found a staircase to the Ecumenical Temple.
  3692 | Temple   | Entered the Ecumenical Temple
  3700 | Temple   | Became a worshipper of Vehumet
  3791 | D:4      | Noticed Ijyb
  3910 | D:4      | Found a bloodstained altar of Trog.
  3910 | D:4      | Noticed an orc warrior
  3935 | D:4      | Killed an orc warrior
  3936 | D:4      | Reached XP level 6. HP: 51/51 MP: 1/11
  4171 | D:4      | Found a basalt altar of Yredelemnul.
  4222 | D:5      | Entered Level 5 of the Dungeon
  4375 | D:5      | Your scales start taking on a dull iron-grey colour.
  4375 | D:5      | Reached XP level 7. HP: 58/58 MP: 3/12
  4526 | D:5      | Reached * piety under Vehumet
  4526 | D:5      | Offered knowledge of Foxfire by Vehumet.
  4836 | D:5      | Found a shadowy altar of Dithmenos.
  5194 | D:5      | Reached skill level 6 in Conjurations
  5229 | D:5      | Found a glowing silver altar of Zin.
  5374 | D:4      | Found a shimmering blue altar of Sif Muna.
  5378 | D:4      | Got Sif Muna's Papyrus of Bad Luck
  5452 | D:4      | Found a white marble altar of Elyvilon.
  5653 | D:4      | Found a sacrificial altar of Ru.
  5713 | D:4      | Killed Ijyb
  5714 | D:4      | Reached XP level 8. HP: 67/67 MP: 1/15
  5755 | D:4      | Reached skill level 5 in Fighting
  6303 | D:6      | Reached skill level 5 in Spellcasting
  6389 | D:6      | Learned a level 4 spell: Iskenderun's Mystic Blast
  6542 | D:6      | Reached skill level 1 in Translocations
  6631 | D:6      | Offered knowledge of Sandblast by Vehumet.
  6639 | D:6      | Reached ** piety under Vehumet
  6642 | D:6      | Learned a level 1 spell: Sandblast
  7105 | D:7      | Reached skill level 1 in Earth Magic
  7115 | D:7      | Reached skill level 7 in Conjurations
  7115 | D:7      | Reached XP level 9. HP: 21/75 MP: 3/17
  7133 | D:6      | HP: 3/75 [poisoned by a water moccasin]
  7476 | D:7      | Reached skill level 5 in Alchemy
  7889 | D:7      | Noticed a troll
  7894 | D:7      | Killed a troll
  8142 | D:7      | Offered knowledge of Dazzling Flash by Vehumet.
  8386 | D:7      | Noticed Jeremiah
  8637 | D:7      | Killed Jeremiah
  8638 | D:7      | Reached XP level 10. HP: 61/86 MP: 13/19
  9671 | D:8      | Found a flagged portal.
  9672 | D:8      | Reached *** piety under Vehumet
  9702 | Bailey   | Entered a bailey
  9748 | Bailey   | Offered knowledge of Brom's Barrelling Boulder by Vehumet.
 10272 | Bailey   | Identified the +0 helmet "Tiluqezut" {*Corrode rC+ Regen+
                  | Dex+3}
 10512 | D:8      | Found a blossoming altar of Fedhas.
 10534 | D:8      | Noticed a two-headed ogre
 10543 | D:8      | Killed a two-headed ogre
 10716 | D:8      | Reached skill level 8 in Conjurations
 10825 | D:8      | Found a shimmering altar of Xom.
 10992 | D:8      | Reached skill level 5 in Stealth
 11180 | D:8      | Reached **** piety under Vehumet
 11185 | D:8      | Reached skill level 5 in Earth Magic
 11190 | D:8      | Offered knowledge of Airstrike by Vehumet.
 11589 | D:9      | Noticed Psyche
 11658 | D:8      | Killed Psyche
 11659 | D:8      | Reached XP level 11. HP: 42/94 MP: 15/21
 11808 | D:9      | Identified the +1 quarterstaff "Lataekei" {speed, rN+}
 11828 | D:9      | Reached skill level 5 in Dodging
 12566 | D:9      | Found Qemy's Antique Weapon Boutique.
 12603 | D:9      | Found Yneetry's Antique Armour Shop.
 12618 | D:9      | Bought an embroidered hat for 182 gold pieces
 12757 | D:9      | Noticed a two-headed ogre
 12767 | D:9      | Killed a two-headed ogre
 12768 | D:9      | Reached skill level 5 in Translocations
 12768 | D:9      | Reached skill level 1 in Fire Magic
 13086 | D:10     | Entered Level 10 of the Dungeon
 13339 | D:10     | Found a staircase to the Orcish Mines.
 13367 | D:10     | Reached ***** piety under Vehumet
 13381 | D:10     | Offered knowledge of Ozocubu's Refrigeration by Vehumet.
 13449 | D:10     | Found a roughly hewn altar of Beogh.
 14159 | D:10     | Noticed a two-headed ogre
 14165 | D:10     | Killed a two-headed ogre
 14166 | D:10     | Reached skill level 9 in Conjurations
 14317 | D:10     | Found a runed translucent gate.
 14317 | D:10     | Found a runed translucent gate.
 14317 | D:10     | Found a runed translucent gate.
 14317 | D:10     | Noticed Autsider's ghost (journeyman FeSu)
 14318 | D:10     | Found a viscous altar of Jiyva.
 14318 | D:10     | Noticed a glowing orange brain
 14422 | D:11     | Identified a scroll of acquirement
 14422 | D:11     | Acquired a staff of conjuration
 14433 | D:11     | Learned a level 7 spell: Ozocubu's Refrigeration
 14674 | D:11     | Reached skill level 1 in Ice Magic
 14736 | D:11     | Noticed a boulder beetle
 16079 | D:11     | Reached XP level 12. HP: 66/102 MP: 9/22
 16473 | D:11     | Found a staircase to the Lair.
 16564 | Lair:1   | Entered Level 1 of the Lair of Beasts
 16608 | Lair:1   | Learned a level 6 spell: Permafrost Eruption
 16634 | Lair:1   | Noticed Nergalle
 16658 | Lair:1   | HP: 4/91 [Nergalle/bolt of negative energy (11)]
 16658 | Lair:1   | Slain by a spectral orc warrior

Illustrated notes

Levels and vault maps discovered:
D:1:      wheals_arrival_linesprint, layout_loops_ring, minmay_misc_feat_alley,
          patterned_corridor
D:2:      layout_loops_cross, minmay_rat_gold_closets, uniq_sigmund
D:3:      layout_rooms, mainiacjoe_overflow_paths,
          nicolae_ecumenical_snake_handling, serial_park_tiny_1, st_stairs_8
D:4:      layout_layer_cave, kennysheep_ying_yang, mainiacjoe_overflow_24_doors,
          nzn_overflow_gifts_of_might_and_magic,
          minmay_temple_entry_gardened_gates, uniq_ijyb
D:5:      layout_loops_ring, mainiacjoe_overflow_boulevard, zin_academy,
          minmay_liquid_box
D:6:      layout_cave_pools
D:7:      nicolae_whirlpool, layout_loops_corners, serial_aquarium,
          aquarium_bridge_square [aquarium_subvault_bridge,
          aquarium_subvault_wall, aquarium_subvault_bridge,
          aquarium_subvault_bridge], aquarium_window_1, aquarium_window_1,
          aquarium_view_2e, aquarium_view_2d, aquarium_balcony_3a,
          kennysheep_generic_room_3, uniq_jeremiah
D:8:      layout_gridville, fedhas_altar_1, lemuel_tele_altar, enter_bailey_3
D:9:      layout_cave_pools, serial_gnoll_camp, gnoll_camp_mini_basic,
          gnoll_camp_mini_shop, gnoll_camp_mini_shop, gnoll_camp_mini_basic,
          gnoll_camp_mini_basic, corexii_checkpoint, uniq_psyche
D:10:     layout_roguey, david_orc_5, gammafunk_ghost_ooze, minivault_7
D:11:     layout_basic, lair_entry_dummy, serial_shops, shop, serial_undead,
          serial_undead_f, serial_undead_a, serial_undead_e, serial_undead_f,
          gauntlet_entry_generic
D:12:     layout_stronghold, serial_shops, nicolae_lakefront_shop
Temple:   hellmonk_temple_two_chambers
Lair:1:   layout_regular_city, nzn_ghost_randoct, lemuel_fruit_fields,
          infiniplex_staircase_pool, uniq_nergalle

Skill      XL: |  1  2  3  4  5  6  7  8  9 10 11 12 |
---------------+-------------------------------------+-----
Stealth        | 2 4 5 6 |  6.0
Dodging        | 2 3 4 6 |  6.0
Fighting       | 1 2 3 4 6 7 8 |  8.2
Alchemy        | 1 2 3 4 5 6 |  6.0
Spellcasting   | 3 4 5 6 7 |  7.4
Conjurations   | 5 6 7 8 9 |  9.7
Translocations | 1 3 4 6 |  6.0
Earth Magic    | 1 3 5 6 |  6.0
Fire Magic     | 4 |  4.5
Ice Magic      | 2 3 |  3.3

Action                     |  1- 3 |  4- 6 |  7- 9 | 10-12 || total
---------------------------+-------+-------+-------+-------++-------
  Melee: Unarmed           |    54 |     9 |       |       ||    63
         Tailslap          |     7 |     3 |    56 |    39 ||   105
         Dagger            |       |    26 |   292 |   178 ||   496
         Staff             |       |       |       |    65 ||    65
   Cast: Magic Dart        |    91 |    62 |    51 |    78 ||   282
         Searing Ray       |     2 |     7 |    14 |    21 ||    44
         Fulminant Prism   |       |     4 |    23 |    71 ||    98
         Sandblast         |       |       |    37 |   142 ||   179
         Iskenderun's Myst |       |       |     7 |    32 ||    39
Ability: Mud Breath        |       |       |     1 |     1 ||     2
  Evoke: Wand              |       |     1 |     2 |       ||     3
    Use: Scroll            |       |     2 |     1 |    11 ||    14
         Potion            |       |       |     2 |       ||     2
   Stab: Distracted        |       |       |     1 |       ||     1
         Sleeping          |       |       |     1 |       ||     1
         Invisible         |       |       |     1 |       ||     1
 Armour: Skin              |    44 |    45 |   269 |   523 ||   881
  Dodge: Dodged            |    55 |    40 |   236 |   337 ||   668

Table legend: (Time is in decaauts)
 A = Elapsed time spent in this place.
 B = Non-inter-level travel time spent in this place.
 C = Inter-level travel time spent in this place.
 D = Time resting spent in this place.
 E = Time spent auto-exploring this place.
 F = Levels seen in this place.
 G = Mean time per level.
                   A        B        C        D        E       F      G
               +--------+--------+--------+--------+--------+-----+--------+
         Total |  16780 |  16222 |    558 |   2625 |  10775 |  15 | 1118.7 |
       Dungeon |  16045 |  15493 |    552 |   2539 |  10397 |  12 | 1337.1 |
        Temple |     14 |      8 |      6 |      0 |      0 |   1 |   14.0 |
          Lair |     98 |     98 |      0 |      0 |     32 |   1 |   98.0 |
        Bailey |    621 |    621 |      0 |     86 |    346 |   1 |  621.0 |
               +--------+--------+--------+--------+--------+-----+--------+

Top non-repeatable levels by time:
     D:7: 2076 daAuts
    D:10: 1888 daAuts
     D:1: 1736 daAuts
     D:4: 1642 daAuts
     D:8: 1632 daAuts
     D:9: 1302 daAuts
     D:6: 1276 daAuts
     D:5: 1107 daAuts
    D:11: 1038 daAuts
     D:2: 873 daAuts
     D:3: 857 daAuts
  Bailey: 621 daAuts
    D:12: 614 daAuts
  Lair:1: 98 daAuts
  Temple: 14 daAuts
